 Dungeon Crawl Stone Soup version 0.31-a0-83-gbff143cfd1 (webtiles) character file.

Game seed: 5511356169534269890

9 Esekla the Sneak (level 2, 0/21 HPs)
             Began as an Octopode Delver on May 24, 2023.
             Killed from afar by Blork the orc (14 damage)
             ... with a puff of flame
             ... on level 5 of the Dungeon.
             The game lasted 00:01:20 (132 turns).

Esekla the Sneak (Octopode Delver)                   Turns: 132, Time: 00:01:20

Health: 0/21       AC:  1    Str: 11    XL:     2   Next: 12%
Magic:  2/2        EV: 13    Int: 12    God:
Gold:   31         SH:  0    Dex: 13    Spells: 1/1 levels left

rFire   . . .        a - +0 falchion
rCold   . . .        (no shield)
rNeg    . . .        (helmet restricted)
rPois   .            (no amulet)
rElec   .            (no ring)
rCorr   .            (no ring)
SInv    .            (no ring)
Will    .....        (no ring)
Stlth   ++++         (no ring)
HPRegen 0.23/turn    (no ring)
MPRegen 0.08/turn    (no ring)
                     (no ring)

%: no passive effects
@: no status effects
A: almost no armour, amphibious, 8 rings, camouflage 1, gelatinous body 1,
(nimble swimmer 1), tentacles
a: no special abilities


You were on level 5 of the Dungeon.
You visited 1 branch of the dungeon, and saw 1 of its levels.

You collected 31 gold pieces.

Inventory:

Hand Weapons
 a - a +0 falchion (weapon)
Wands
 f - a wand of digging (3)
Scrolls
 b - a scroll of fog
 d - 2 scrolls of fear
Potions
 e - a potion of haste


   Skills:
 * Level 3.1 Fighting
 * Level 2.1 Long Blades
 * Level 2.1 Dodging
 + Level 6.8 Stealth
 * Level 0.3 Spellcasting


You had one spell level left.
You didn't know any spells.
Your spell library was empty.

Dungeon Overview and Level Annotations

Branches:
Dungeon (5/15)             Temple (0/1) D:5

Altars:
Gozag

Annotations:
D:5 3 runed translucent doors, Blork the orc; bande's ghost, novice GrFi


Innate Abilities, Weirdness & Mutations

You cannot wear most types of armour.
You are amphibious.
You can wear up to eight rings at the same time.
Your skin changes colour to match your surroundings (Stealth+).
Your rubbery body absorbs attacks. (AC +1, EV +1)
((You are camouflaged when in or above water. (Stealth+)))
You have tentacles for arms and can constrict up to eight enemies at once.


Message History

There is a stone staircase leading down here.
Found 5 gold pieces.
Found a runed translucent gate.
Found 29 gold pieces.
Found 10 gold pieces.
Found an opulent altar of Gozag.
Found 18 gold pieces and a scroll labelled JAFAKK LOGAE.
Found 55 gold pieces.
Bande's ghost turns its malevolent gaze towards you.
The adder hisses angrily.
You hear a shout!
Something shouts, "Go and return not, thou erky ruttish fleecer!"
The hornet buzzes angrily.
Found a scroll of fear.
Bande's ghost screams, "You will join me soon!"
The white imp spits at you.
d - 2 scrolls of fear (gained 1) Bande's ghost shouts, "What do you have that I didn't have?"
Okay, then.
The white imp grins evilly.
An adder comes into view.
The helpless adder fails to defend itself.
You slash the adder! Your grab misses the adder.
The adder is severely wounded.
The adder closely misses you. The adder barely misses you.
You hit the adder.
You kill the adder!
You have reached level 2!
Found 5 gold pieces.
You now have 16 gold pieces (gained 5).
Found an escape hatch in the floor.
Found 15 gold pieces.
There is an escape hatch in the floor here.
Blork the orc comes into view.
He is wielding a +0 long sword.
Blork the orc gestures at you while chanting.
The puff of frost hits you!
You see here 15 gold pieces.
You now have 31 gold pieces (gained 15).
Blork the orc points at you and mumbles some strange words.
The puff of flame hits you!
Ouch! That really hurt!
You die...

*,⌠,*,>,,,⌠,* *,, *,,,*,,,*,,,*
####****,, **,***,******
#..,,,,,,, *,,,*,,,*,,,*
#.#*****,*
*,⌠,,,⌠,,,⌠,######.######.,
*,,,*,,,*,,,#...>.........,
****##.*######.###.#######*
*,,.#...#...#..# #.# ####
*,⌠...⌠...@...## #.# #...
*,,.#...#o..### #.# #...
****##**##### #.# #...
**********,****#######.# #...
*,,,,,,,,,,,,,,........#####...
****,*****>,,,,................
*,* ******#....#####...### *,*
*,.....+.......... *,*
*******,#...,##########.


You could see Blork the orc.

Vanquished Creatures
  An adder (D:5)
1 creature vanquished.

Notes
Turn   | Place    | Note
-------+----------+-------------------------------------------
     0 | D:5      | Esekla the Octopode Delver began the quest for the Orb.
     0 | D:5      | Reached XP level 1. HP: 16/16 MP: 1/1
    32 | D:5      | Found a runed translucent gate.
    33 | D:5      | Found a runed translucent gate.
    34 | D:5      | Found a runed translucent gate.
    35 | D:5      | Found an opulent altar of Gozag.
    36 | D:5      | Noticed a hornet
    37 | D:5      | Noticed bande's ghost (novice GrFi)
    37 | D:5      | Noticed an ogre
    75 | D:5      | Reached XP level 2. HP: 21/21 MP: 2/2
   128 | D:5      | Noticed Blork the orc
   132 | D:5      | Killed from afar by Blork the orc

Illustrated notes

Levels and vault maps discovered:
D:5:      layout_basic, minmay_temple_entry_nine_rooms, ebering_ghost_gozag,
          uniq_blork_the_orc

Action                     || total
---------------------------++-------
  Melee: Falchion          ||     2
    Use: Scroll            ||     1
   Stab: Sleeping          ||     1
  Dodge: Dodged            ||     2

Table legend: (Time is in decaauts)
 A = Elapsed time spent in this place.
 B = Non-inter-level travel time spent in this place.
 C = Inter-level travel time spent in this place.
 D = Time resting spent in this place.
 E = Time spent auto-exploring this place.
 F = Levels seen in this place.
 G = Mean time per level.
                   A        B        C        D        E       F      G
               +--------+--------+--------+--------+--------+-----+--------+
         Total |    132 |    132 |      0 |      0 |      0 |   1 |  132.0 |
       Dungeon |    132 |    132 |      0 |      0 |      0 |   1 |  132.0 |
               +--------+--------+--------+--------+--------+-----+--------+

Top non-repeatable levels by time:
     D:5: 132 daAuts
